[Event "Late-Titled-Tuesday-Blitz-March-26-2024"]
[Site "Chess.com"]
[Date "2024.03.26"]
[Round "8"]
[White "ozates"]
[Black "Houdinovic"]
[Result "0-1"]
[WhiteElo "2571"]
[BlackElo "2716"]
[TimeControl "180+1"]
[EndTime "15:24:00 PDT"]
[Termination "Houdinovic won by resignation"]

1. e4 c5 2. Nf3 Nc6 3. Bb5 e6 4. O-O Nge7 5. d4 cxd4 6. Nxd4 Qb6 7. Nxc6 bxc6 8. Bd3 Ng6 9. Kh1 d5 10. Nd2 Bd6 11. Nf3 Qc7 12. Qe2 O-O 13. g3 c5 14. exd5 exd5 15. c4 Bg4 16. Bxg6 fxg6 17. Bf4 Bxf4 18. gxf4 0-1

[Event "Late-Titled-Tuesday-Blitz-March-26-2024"]
[Site "Chess.com"]
[Date "2024.03.26"]
[Round "8"]
[White "NMJeevanK"]
[Black "nj123456"]
[Result "1-0"]
[WhiteElo "2620"]
[BlackElo "2475"]
[TimeControl "180+1"]
[EndTime "15:24:28 PDT"]
[Termination "NMJeevanK won by resignation"]

1. e4 c6 2. d4 d5 3. e5 Bf5 4. h4 h5 5. Bd3 Bxd3 6. Qxd3 Qa5+ 7. c3 Qa6 8. Qc2 e6 9. Nf3 Nh6 10. Bxh6 Rxh6 11. Nbd2 c5 12. dxc5 Bxc5 13. Nb3 Bb6 14.
Nbd4 Nc6 15. Qd2 Rg6 16. g3 Bxd4 17. cxd4 O-O-O 18. Qe2 Qa5+ 19. Kf1 Kb8 20. Kg2 Rh6 21.
a3 Qb6 22. Rhd1 Rc8 23. b4 Ne7 24. Rac1 Rf8 25. Rc5 Nf5 26. Rdc1 Rhh8 27. Qc2 a6 28. a4 Qxb4 29. Rb1 Qa3 30. Rb3 Qa1 31. Rc7 b5 32. Qc6 1-0

[Event "Late-Titled-Tuesday-Blitz-March-26-2024"]
[Site "Chess.com"]
[Date "2024.03.26"]
[Round "8"]
[White "salgadoLO"]
[Black "Defenstrator"]
[Result "1-0"]
[WhiteElo "2190"]
[BlackElo "2444"]
[TimeControl "180+1"]
[EndTime "15:24:32 PDT"]
[Termination "salgadoLO won by checkmate"]

1. e4 e5 2. Nf3 Nc6 3. Nc3 Nf6 4. d4 exd4 5. Nxd4 Bc5 6. Nxc6 bxc6 7. Bd3 d5 8. exd5 cxd5 9. O-O O-O 10. Bg5 c6 11. h3 Qd6 12. Na4 Bb6 13. Nxb6 axb6 14. Qf3 Nd7 15.
Bf4 Qf6 16. Qg3 c5 17. c3 Ba6 18. Bxa6 Rxa6 19. a3 d4 20. cxd4 cxd4 21. Rad1 Ra4 22.
Rfe1 Nc5 23. Be5 Qd8 24. Qxg7# 1-0

[Event "Late-Titled-Tuesday-Blitz-March-26-2024"]
[Site "Chess.com"]
[Date "2024.03.26"]
[Round "8"]
[White "RuperezA"]
[Black "ural58"]
[Result "1-0"]
[WhiteElo "2487"]
[BlackElo "2458"]
[TimeControl "180+1"]
[EndTime "15:24:36 PDT"]
[Termination "RuperezA won by resignation"]

1. d4 d5 2. Nc3 Nf6 3. Bg5 Bf5 4.
Bxf6 gxf6 5. e3 e6 6. Bd3 Bg6 7. h4 h5 8. Nce2 Bd6 9. Nh3 c5 10. Nef4 f5 11. dxc5 Bxc5 12. Nxg6 fxg6 13. c4 Nc6 14. Nf4 Kf7 15. cxd5 exd5 16. Qb3 Nb4 17. O-O Qd6 18. Be2 a5 19. a4 Rhd8 20. Rad1 Kg7 21.
Bf3 Rd7 22. Nxd5 Nxd5 23. Rxd5 Qe7 24. Qc3+ 1-0

[Event "Late-Titled-Tuesday-Blitz-March-26-2024"]
[Site "Chess.com"]
[Date "2024.03.26"]
[Round "8"]
[White "banane_verte"]
[Black "LikeWater"]
[Result "0-1"]
[WhiteElo "2528"]
[BlackElo "2701"]
[TimeControl "180+1"]
[EndTime "15:24:42 PDT"]
[Termination "LikeWater won by resignation"]

1. e4 Nf6 2. e5 Nd5 3. d4 d6 4. c4 Nb6 5. f4 g6 6. Nf3 Bg7 7.
Nc3 O-O 8. Bd3 dxe5 9. fxe5 Bg4 10. Be3 Nc6 11. Be2 Bxf3 12. gxf3 f6 13. e6 f5 14. d5 Ne5 15. Bd4 c5 16. Bxc5 Rc8 17.
Bd4 Nbxc4 18. f4 Nxb2 19. Qd2 Ned3+ 20. Bxd3 Bxd4 21. Nb5 Nxd3+ 22. Qxd3 Bxa1 23. O-O Bf6 24. d6 Qb6+ 25. Kh1 a6 26. dxe7 Bxe7 0-1

[Event "Late-Titled-Tuesday-Blitz-March-26-2024"]
[Site "Chess.com"]
[Date "2024.03.26"]
[Round "8"]
[White "Supelyel"]
[Black "rdarruda"]
[Result "1/2-1/2"]
[WhiteElo "2410"]
[BlackElo "2519"]
[TimeControl "180+1"]
[EndTime "15:24:50 PDT"]
[Termination "Game drawn by repetition"]

1. c4 e5 2. Nc3 Nc6 3. g3 Nf6 4. Bg2 d6 5. Nf3 Be7 6. d3 O-O 7. Bg5 h6 8. Bxf6 Bxf6 9. O-O Bf5 10. Rb1 Qd7 11. Nd5 Bd8 12. Re1 Bh3 13. Bh1 Ne7 14. b4 c6 15. Nxe7+ Bxe7 16. b5 Bf6 17. bxc6 bxc6 18. Qa4 d5 19. Nd2 Rfd8 20. Qa6 Rab8 21. Nb3 Rb6 22. Qa5 Rdb8 23. cxd5 cxd5 24. Qxd5 Qe7 25.
Qc4 Be6 26. Bd5 Rb4 27. Qc6 R4b6 28. Qc4 Rb4 29. Qc6 R4b6 30. Qc4 1/2-1/2

[Event "Late-Titled-Tuesday-Blitz-March-26-2024"]
[Site "Chess.com"]
[Date "2024.03.26"]
[Round "8"]
[White "1mbl4"]
[Black "TedBelanoff"]
[Result "1-0"]
[WhiteElo "2619"]
[BlackElo "2238"]
[TimeControl "180+1"]
[EndTime "15:25:10 PDT"]
[Termination "1mbl4 won by checkmate"]

1. b3 b5 2. Bb2 Bb7 3. e3 Nf6 4. Nf3 a6 5. a4 c6 6. d4 d5 7.
Nbd2 g6 8. Bd3 Bg7 9. O-O Nbd7 10. c4 dxc4 11. bxc4 bxc4 12. Nxc4 O-O 13. Ba3 Bc8 14. a5 Nd5 15. Rc1 Re8 16. Re1 e5 17. Nd6 Re6 18. dxe5 Nxe5 19. Nd4 Rxd6 20. Bxd6 Qxd6 21. Bf1 Ne7 22.
Nxc6 Qxd1 23. Nxe7+ Kf8 24. Rexd1 Kxe7 25. Rc7+ Ke8 26.
f4 Ng4 27. Bc4 Nxe3 28. Bxf7+ Kf8 29. Rd8# 1-0

[Event "Late-Titled-Tuesday-Blitz-March-26-2024"]
[Site "Chess.com"]
[Date "2024.03.26"]
[Round "8"]
[White "roxannyzoldyck"]
[Black "gorgeous1083"]
[Result "0-1"]
[WhiteElo "2183"]
[BlackElo "2065"]
[TimeControl "180+1"]
[EndTime "15:25:13 PDT"]
[Termination "gorgeous1083 won by resignation"]

1. e4 e6 2. d4 d5 3. e5 c5 4.
c3 Qb6 5. Nf3 Nc6 6. Bd3 Bd7 7.
O-O cxd4 8. cxd4 Nxd4 9. Nxd4 Qxd4 10. Nc3 Qb6 11. Qg4 Ne7 12. Be3 Qd8 13. Rac1 a6 14.
Na4 Nf5 15. Nb6 Nxe3 16. Qd4 Nxf1 17. Bxf1 Rb8 18. b4 Be7 19. a4 O-O 20. a5 Bc6 21.
f4 Qe8 22. Bd3 Bd8 23. f5 Bxb6 24. axb6 exf5 25. Bxf5 g6 26. Bd3 Bb5 27. Bb1 Rc8 28.
Rf1 Bxf1 0-1

[Event "Late-Titled-Tuesday-Blitz-March-26-2024"]
[Site "Chess.com"]
[Date "2024.03.26"]
[Round "8"]
[White "jefferyx"]
[Black "DrVelja"]
[Result "0-1"]
[WhiteElo "3094"]
[BlackElo "3038"]
[TimeControl "180+1"]
[EndTime "15:25:17 PDT"]
[Termination "DrVelja won by resignation"]

1. e4 c5 2. Nf3 Nc6 3. Bb5 e6 4. Bxc6 bxc6 5. d3 Qc7 6. Qe2 e5 7. c3 Ba6 8. O-O Ne7 9. Rd1 Ng6 10. Qe1 Be7 11. d4 cxd4 12. cxd4 exd4 13. Nxd4 O-O 14. Bd2 Rfe8 15. Bc3 Bc5 16. Nf5 Qf4 17. Nd2 Ne5 18.
Nb3 Ng4 0-1

[Event "Late-Titled-Tuesday-Blitz-March-26-2024"]
[Site "Chess.com"]
[Date "2024.03.26"]
[Round "8"]
[White "Veleamater"]
[Black "chessamical"]
[Result "1-0"]
[WhiteElo "2406"]
[BlackElo "2275"]
[TimeControl "180+1"]
[EndTime "15:25:22 PDT"]
[Termination "Veleamater won on time"]

1. g3 d5 2. Bg2 e5 3. d3 Nc6 4. Nf3 h6 5. O-O Nf6 6. Nc3 Be6 7. e4 dxe4 8. dxe4 Qxd1 9. Rxd1 Rd8 10. h3 Rxd1+ 11. Nxd1 Nd7 12. a3 f6 13. Ne1 Nc5 14. Ne3 Nd4 15. Bd2 c6 16. b4 Na4 17. c4 Nb3 18. Rd1 a5 19. Nd3 Nxd2 20. Rxd2 Nb6 21. Rc2 axb4 22. axb4 Be7 23. f4 exf4 24. gxf4 Kf7 25.
f5 Bc8 26. e5 1-0

[Event "Late-Titled-Tuesday-Blitz-March-26-2024"]
[Site "Chess.com"]
[Date "2024.03.26"]
[Round "8"]
[White "reevecanada"]
[Black "Flaccidmoves"]
[Result "1-0"]
[WhiteElo "2664"]
[BlackElo "2436"]
[TimeControl "180+1"]
[EndTime "15:25:23 PDT"]
[Termination "reevecanada won by resignation"]

1. Nf3 d5 2. b3 Bg4 3. Bb2 Nd7 4. h3 Bxf3 5. exf3 e6 6. f4 Ngf6 7. g3 h5 8. Bg2 h4 9. g4 Bd6 10. Qf3 c6 11. O-O Qc7 12. f5 e5 13. d3 O-O-O 14. Nd2 Rde8 15. Rfe1 g6 16. Re2 Nh7 17. Rae1 Kb8 18.
Kh1 Ng5 19. Qe3 f6 20. f4 Bc5 21. d4 Bb6 22. fxg5 gxf5 23. gxf6 Nxf6 24. gxf5 e4 25. Qg5 Qd6 26. Bc1 Bc7 27. Nf1 Reg8 28.
Qe3 Nh5 29. Rf2 Rg3 30. Nxg3 hxg3 31. Rff1 Nf6 32. Qg5 Nh5 33. f6 Qe6 34. f7 Nf4 35. Rxf4 Rxh3+ 36. Kg1 1-0

[Event "Late-Titled-Tuesday-Blitz-March-26-2024"]
[Site "Chess.com"]
[Date "2024.03.26"]
[Round "8"]
[White "Fh2411"]
[Black "emeli_chess"]
[Result "1-0"]
[WhiteElo "2580"]
[BlackElo "2416"]
[TimeControl "180+1"]
[EndTime "15:25:23 PDT"]
[Termination "Fh2411 won by resignation"]

1. d4 Nf6 2. Nf3 d5 3. Bf4 e6 4. e3 Bd6 5. Nbd2 O-O 6. Bd3 c5 7. c3 Qc7 8. Bxd6 Qxd6 9. Ne5 Nbd7 10. f4 Re8 11. O-O Nf8 12. Rf3 N6d7 13. Rh3 f6 14.
Bxh7+ Nxh7 15. Qh5 Ndf8 16. Qf7+ Kh8 17. Ng6+ Nxg6 18.
Qxg6 Kg8 19. Qxe8+ Nf8 20. Nf3 b6 21. Rf1 Bb7 22. Qh5 Rc8 23. Ne5 1-0

[Event "Late-Titled-Tuesday-Blitz-March-26-2024"]
[Site "Chess.com"]
[Date "2024.03.26"]
[Round "8"]
[White "HansOnTwitch"]
[Black "aa175"]
[Result "1-0"]
[WhiteElo "3103"]
[BlackElo "2754"]
[TimeControl "180+1"]
[EndTime "15:25:25 PDT"]
[Termination "HansOnTwitch won by resignation"]

1. e4 e5 2. Nf3 Nf6 3. Nxe5 d6 4. Nd3 Nxe4 5. Qe2 Qe7 6. Nf4 Nc6 7. Nd5 Nd4 8. Nxe7 Nxe2 9. Nd5 Nd4 10. Na3 Ne6 11. f3 N4c5 12. d4 c6 13. dxc5 cxd5 14. cxd6 Bxd6 15.
Be3 Bxa3 16. bxa3 Bd7 17. O-O-O Bc6 18. c4 dxc4 19. Bxc4 Ke7 20. Rhe1 Rhc8 21. Kb2 Kf6 22. Rd2 Rd8 23. h4 Rxd2+ 24. Bxd2 h5 25. Bc3+ Kg6 26.
Bd3+ Kh6 27. Bd2+ g5 28. hxg5+ Nxg5 29. Re5 f6 30. Re7 Rh8 31. Rf7 h4 32. Rxf6+ Kh5 33.
Bg6+ Kh6 34. Bf5+ 1-0

[Event "Late-Titled-Tuesday-Blitz-March-26-2024"]
[Site "Chess.com"]
[Date "2024.03.26"]
[Round "8"]
[White "sorch29"]
[Black "Bilan_Danila"]
[Result "0-1"]
[WhiteElo "2458"]
[BlackElo "2639"]
[TimeControl "180+1"]
[EndTime "15:25:31 PDT"]
[Termination "Bilan_Danila won by resignation"]

1. d4 d5 2. Nf3 Nf6 3. c4 c6 4. cxd5 cxd5 5. Nc3 Nc6 6. e3 g6 7. Ne5 Bg7 8. f4 O-O 9. Bd3 Bd7 10. O-O Rc8 11. Bd2 Na5 12. Qe2 a6 13. b4 Nc6 14.
a3 e6 15. Rac1 Ne8 16. g4 Nd6 17. Nxd7 Qxd7 18. Na4 Nxd4 19. exd4 Bxd4+ 20. Kg2 Qxa4 0-1

[Event "Late-Titled-Tuesday-Blitz-March-26-2024"]
[Site "Chess.com"]
[Date "2024.03.26"]
[Round "8"]
[White "GlavkonVVS"]
[Black "FMYiLiu"]
[Result "1-0"]
[WhiteElo "2654"]
[BlackElo "2508"]
[TimeControl "180+1"]
[EndTime "15:25:50 PDT"]
[Termination "GlavkonVVS won by resignation"]

1. c4 e6 2. Nc3 d5 3. d4 c6 4. Nf3 dxc4 5. a4 Bb4 6. e3 b5 7. Nd2 Bb7 8. Qf3 Qb6 9. Qg3 Kf8 10. Be2 a6 11. O-O Nf6 12. Bf3 Nbd7 13. Nde4 h5 14.
h4 Rh6 15. Ng5 Re8 16. e4 Qxd4 17. Be3 Qe5 18. Bf4 Qc5 19. Rfd1 e5 20. Be3 Qe7 21. Qh3 Kg8 22. Qf5 Rg6 23. Bxh5 Nxh5 24. Rxd7 Bc8 25. Rxe7 1-0

[Event "Late-Titled-Tuesday-Blitz-March-26-2024"]
[Site "Chess.com"]
[Date "2024.03.26"]
[Round "8"]
[White "rikchessmx"]
[Black "AccioChess"]
[Result "1-0"]
[WhiteElo "2301"]
[BlackElo "2483"]
[TimeControl "180+1"]
[EndTime "15:25:57 PDT"]
[Termination "rikchessmx won on time"]

1. e4 e6 2. d4 d5 3. Nc3 Nf6 4. Bg5 dxe4 5. Nxe4 Be7 6. Bxf6 gxf6 7. Nf3 a6 8. Bc4 b5 9. Bb3 Bb7 10. Qe2 Nd7 11.
O-O-O f5 12. Ng3 Nb6 13. Rhe1 O-O 14. Nxf5 Bf6 15. Nh6+ Kh8 16. Ng4 Bg7 17. Kb1 Nd5 18. Nge5 Nf4 19. Qf1 Nd5 20. h4 h6 21. Qd3 Nf4 22. Qf1 f6 23. Nd3 Bxf3 24. gxf3 Nxd3 25. Qxd3 1-0

[Event "Late-Titled-Tuesday-Blitz-March-26-2024"]
[Site "Chess.com"]
[Date "2024.03.26"]
[Round "8"]
[White "Harsha_Bharathakoti"]
[Black "Konavets"]
[Result "0-1"]
[WhiteElo "2906"]
[BlackElo "3147"]
[TimeControl "180+1"]
[EndTime "15:26:05 PDT"]
[Termination "Konavets won on time"]

1. c4 e5 2. Nc3 Nf6 3. Nf3 e4 4.
Ng5 c6 5. Ngxe4 Nxe4 6. Nxe4 d5 7. cxd5 cxd5 8. Ng3 h5 9. e3 h4 10. Ne2 Nc6 11.
d4 Qf6 12. Nc3 Bd6 13. Nxd5 Qg6 14. Bd2 Bf5 15. Qb3 O-O 16. f3 Bxh2 17. Rxh2 Qg3+ 18. Kd1 Qxh2 19. Qxb7 Rac8 20. Rc1 h3 21. Rxc6 Rxc6 22. Ne7+ Kh8 23. Qxc6 Qg1 24. gxh3 Qxf1+ 25. Be1 Bd3 26. Qc3 Qxf3+ 27. Kc1 Qxe3+ 28. Bd2 Qg1+ 29. Be1 Re8 0-1

[Event "Late-Titled-Tuesday-Blitz-March-26-2024"]
[Site "Chess.com"]
[Date "2024.03.26"]
[Round "8"]
[White "DishonorOnYourCow"]
[Black "CaspiIsrael"]
[Result "1-0"]
[WhiteElo "2553"]
[BlackElo "2654"]
[TimeControl "180+1"]
[EndTime "15:26:05 PDT"]
[Termination "DishonorOnYourCow won by checkmate"]

1. d4 Nf6 2. c4 g6 3. Nc3 d5 4.
cxd5 Nxd5 5. e4 Nxc3 6. bxc3 Bg7 7. Nf3 c5 8. Bb5+ Bd7 9. Be2 O-O 10. O-O Nc6 11.
Be3 e6 12. d5 exd5 13. exd5 Ne7 14. Bxc5 Bxc3 15. Rc1 Bg7 16. Re1 Re8 17. Bc4 b6 18.
Bd4 Nf5 19. Bxg7 Kxg7 20. Qd2 Rc8 21. Bb3 Qf6 22. h3 h6 23. Rxe8 Rxe8 24. Rc7 Bb5 25. a4 Be2 26. Rc6 Qa1+ 27. Rc1 Qf6 28. Re1 Bxf3 29.
Rxe8 Nd4 30. Qb4 Bxg2 31. Qf8+ Kh7 32. Qg8# 1-0

[Event "Late-Titled-Tuesday-Blitz-March-26-2024"]
[Site "Chess.com"]
[Date "2024.03.26"]
[Round "8"]
[White "EternalNight8"]
[Black "GodzillaChessYoutube"]
[Result "0-1"]
[WhiteElo "2448"]
[BlackElo "2689"]
[TimeControl "180+1"]
[EndTime "15:26:06 PDT"]
[Termination "GodzillaChessYoutube won by resignation"]

1. e4 Nh6 2. d4 d5 3. e5 Nf5 4. Nh3 h5 5. Bd3 g6 6. Nd2 a6 7.
Nf3 c5 8. c3 cxd4 9. cxd4 Nc6 10.
Nf4 e6 11. h4 Qb6 12. Bxf5 gxf5 13. O-O Be7 14. Be3 Bd7 15. Ng5 Bxg5 16. hxg5 h4 17. g6 fxg6 18. Nxg6 Rg8 19. Nxh4 O-O-O 20. a4 Rg4 21. Nf3 Rdg8 22. Ne1 f4 23. Bd2 Qxb2 24. Rb1 Qxd4 25. Qe2 f3 26. Nxf3 Rxg2+ 27. Kh1 Qg4 28.
Ng5 Qxe2 29. Kxg2 Qxd2 0-1

[Event "Late-Titled-Tuesday-Blitz-March-26-2024"]
[Site "Chess.com"]
[Date "2024.03.26"]
[Round "8"]
[White "IsaqueGoncalvesSanto"]
[Black "Bkmzzzzz"]
[Result "0-1"]
[WhiteElo "1905"]
[BlackElo "2391"]
[TimeControl "180+1"]
[EndTime "15:26:08 PDT"]
[Termination "Bkmzzzzz won by resignation"]

1. d4 d5 2. c4 dxc4 3. Nc3 a6 4. a4 Nc6 5. d5 Na5 6. b4 cxb3 7. e4 e6 8. Bf4 Bb4 9. Qd4 c5 10. Qxg7 Qf6 11.
Qxf6 Nxf6 12. Be5 Nxe4 13. Bxh8 Nxc3 14. Rc1 b2 15. Kd2 Na2+ 0-1

[Event "Late-Titled-Tuesday-Blitz-March-26-2024"]
[Site "Chess.com"]
[Date "2024.03.26"]
[Round "8"]
[White "AlejandroArias"]
[Black "ritanovikova"]
[Result "1-0"]
[WhiteElo "2354"]
[BlackElo "2117"]
[TimeControl "180+1"]
[EndTime "15:26:10 PDT"]
[Termination "AlejandroArias won by resignation"]

1. e4 d5 2. d3 dxe4 3. dxe4 Qxd1+ 4. Kxd1 Nf6 5. f3 Nc6 6. c3 Bd7 7. Be3 O-O-O 8. Kc2 a6 9. a4 e5 10. Bc4 Be8 11. b4 Nb8 12. Nd2 h6 13. Ne2 g5 14.
h3 Bg7 15. Ng3 Rf8 16. Nf5 Rg8 17. Ne7+ Kd7 18. Nxg8 Nxg8 19. Rad1 Ke7 20. Bc5+ Kf6 21.
Bb3 b6 22. Be3 Kg6 23. h4 Ne7 24. hxg5 hxg5 25. Nc4 Rxd1 26. Rxd1 b5 27. axb5 axb5 28. Na5 Nbc6 29. Bc5 Nxa5 30. bxa5 Nc6 31. a6 Na5 32.
Bd5 c6 33. a7 1-0

[Event "Late-Titled-Tuesday-Blitz-March-26-2024"]
[Site "Chess.com"]
[Date "2024.03.26"]
[Round "8"]
[White "cthulhuuu"]
[Black "kai_nov"]
[Result "1-0"]
[WhiteElo "2424"]
[BlackElo "2333"]
[TimeControl "180+1"]
[EndTime "15:26:12 PDT"]
[Termination "cthulhuuu won on time"]

1. e4 c5 2. Nf3 Nc6 3. g3 d5 4. exd5 Qxd5 5. Nc3 Qe6+ 6. Qe2 Qxe2+ 7. Bxe2 Bh3 8. Bb5 Bg2 9. Ne5 Bxh1 10. f3 Rc8 11. Kf2 a6 12. Bxc6+ bxc6 13. d3 f6 14. Nc4 e5 15. Be3 Bxf3 16. Kxf3 Nh6 17. Bxh6 gxh6 18. Ne4 Rb8 19. Nxf6+ Ke7 20. Ne4 Ke6 21. b3 Be7 22.
Ke2 Rhf8 23. Na5 Rbc8 24. Nb7 Kd5 25. c4+ Kd4 26. Na5 Bd8 27. Nb7 Bb6 28. Nbd6 Rcd8 29. g4 1-0

[Event "Late-Titled-Tuesday-Blitz-March-26-2024"]
[Site "Chess.com"]
[Date "2024.03.26"]
[Round "8"]
[White "Slovineanu"]
[Black "Boninknights"]
[Result "0-1"]
[WhiteElo "2496"]
[BlackElo "2400"]
[TimeControl "180+1"]
[EndTime "15:26:13 PDT"]
[Termination "Boninknights won by resignation"]

1. d4 Nf6 2. Nf3 d6 3. Nc3 Bf5 4. Nh4 Bd7 5. e4 e5 6. Nf3 Nc6 7. Bc4 Be7 8. O-O O-O 9. h3 exd4 10. Nxd4 Ne5 11. Be2 c5 12. Nf3 Bc6 13. Nxe5 dxe5 14. Bf3 b5 15. Bg5 b4 16. Bxf6 Bxf6 17. Nd5 Bxd5 18. exd5 e4 19. Bxe4 Bxb2 20. Rb1 Bd4 21. Qf3 Qd6 22. Rfe1 g6 23. Bd3 Rfe8 24. g3 Kf8 25.
Kg2 Rxe1 26. Rxe1 Re8 27. Rxe8+ Kxe8 28. Bb5+ Ke7 29. Bc6 Qf6 30. Qe2+ Kd6 31. f4 Qe7 32. Qa6 Qe4+ 33. Kf1 Qf3+ 34. Ke1 Bf2+ 35. Kd2 Qe3+ 0-1

[Event "Late-Titled-Tuesday-Blitz-March-26-2024"]
[Site "Chess.com"]
[Date "2024.03.26"]
[Round "8"]
[White "PapaieDudu"]
[Black "Evandro_Barbosa"]
[Result "0-1"]
[WhiteElo "2430"]
[BlackElo "2641"]
[TimeControl "180+1"]
[EndTime "15:26:14 PDT"]
[Termination "Evandro_Barbosa won by resignation"]

1. Nf3 c5 2. e4 e6 3. d4 cxd4 4.
Nxd4 Nc6 5. Nc3 d6 6. Be3 Nf6 7.
f3 Be7 8. Qd2 O-O 9. O-O-O d5 10. Nxc6 bxc6 11. g4 Rb8 12. g5 Nd7 13. f4 Qa5 14.
Nb1 Qxa2 15. Qc3 Bb4 16. Qd3 Nc5 17. Bxc5 Bxc5 18. Qc3 Bb4 19. Qe3 Bd6 20. b3 a5 21.
e5 Be7 22. Bd3 a4 23. bxa4 Rxb1+ 24. Kd2 Rxd1+ 25. Rxd1 Qxa4 26. h4 Ba6 27. f5 Bxd3 28.
f6 Qxc2+ 29. Ke1 Bb4+ 0-1

[Event "Late-Titled-Tuesday-Blitz-March-26-2024"]
[Site "Chess.com"]
[Date "2024.03.26"]
[Round "8"]
[White "Siemba"]
[Black "mightysmasher"]
[Result "1-0"]
[WhiteElo "2470"]
[BlackElo "2584"]
[TimeControl "180+1"]
[EndTime "15:26:17 PDT"]
[Termination "Siemba won by checkmate"]

1. e4 e6 2. d4 d5 3. Nc3 dxe4 4.
Nxe4 Nd7 5. Nf3 Ngf6 6. Ng3 c5 7. Bd3 cxd4 8. O-O Bc5 9. Bg5 h6 10. Bf4 O-O 11. Qd2 Re8 12. Bxh6 gxh6 13. Qxh6 Bf8 14. Qh4 Bg7 15. Ng5 Ne5 16. Bh7+ Nxh7 17. Qxh7+ Kf8 18.
f4 d3 19. Nh5 Qd4+ 20. Kh1 Ng4 21. c3 Nf2+ 22. Rxf2 Qxf2 23. Qxg7+ Ke7 24. Qxf7+ Kd8 25. Nf6 Rh8 26. Nxe6+ Bxe6 27. Qxe6 Kc7 28. Nd5+ Kd8 29. Qd6+ Ke8 30. Qe7# 1-0

[Event "Late-Titled-Tuesday-Blitz-March-26-2024"]
[Site "Chess.com"]
[Date "2024.03.26"]
[Round "8"]
[White "Beca95"]
[Black "Mikhail_Bryakin"]
[Result "1-0"]
[WhiteElo "2960"]
[BlackElo "2870"]
[TimeControl "180+1"]
[EndTime "15:26:24 PDT"]
[Termination "Beca95 won by resignation"]

1. d4 Nf6 2. c4 e5 3. dxe5 Ng4 4.
e3 Nxe5 5. f4 Nec6 6. Nc3 a5 7.
Bd3 Na6 8. Nf3 Bc5 9. O-O d6 10. a3 h6 11. Bc2 O-O 12. Kh1 Ba7 13. Rb1 Ne7 14. b4 Bf5 15. e4 Bh7 16. f5 f6 17.
Nh4 Kh8 18. Rf3 Nb8 19. Nd5 Nxd5 20. cxd5 Nd7 21. Rh3 Ne5 22. Rbb3 axb4 23. axb4 Bf2 24. Ng6+ Nxg6 25. fxg6 Bxg6 26. Rbf3 Bb6 27. Bxh6 gxh6 28.
Rxh6+ Kg7 29. Rxg6+ Kxg6 30. Rg3+ Kh6 31. Rh3+ Kg5 32.
Qh5+ 1-0

[Event "Late-Titled-Tuesday-Blitz-March-26-2024"]
[Site "Chess.com"]
[Date "2024.03.26"]
[Round "8"]
[White "Jimonios"]
[Black "a-z30"]
[Result "1-0"]
[WhiteElo "2612"]
[BlackElo "2473"]
[TimeControl "180+1"]
[EndTime "15:26:26 PDT"]
[Termination "Jimonios won by resignation"]

1. h3 d5 2. a3 e5 3. g3 c6 4. b3 f5 5. c3 Bd6 6. d3 Nf6 7.
e3 O-O 8. f3 e4 9. f4 exd3 10.
Bxd3 Ne4 11. Ne2 Nd7 12. Nd2 Ndc5 13. Bc2 Qb6 14. b4 Nd7 15. Nxe4 fxe4 16. Bxe4 Nf6 17. Bg2 Re8 18. O-O a5 19. Rb1 Ne4 20. c4 axb4 21.
cxd5 c5 22. axb4 cxb4 23. Qd3 Nc5 24. Qd4 Qa6 25. Bb2 Re7 26. Ra1 Na4 27. Rxa4 Qxa4 28. Ra1 Qc2 29. Rxa8 Rc7 30. Rxc8+ 1-0

[Event "Late-Titled-Tuesday-Blitz-March-26-2024"]
[Site "Chess.com"]
[Date "2024.03.26"]
[Round "8"]
[White "Sanyura"]
[Black "AnthonyWirig"]
[Result "0-1"]
[WhiteElo "2590"]
[BlackElo "2819"]
[TimeControl "180+1"]
[EndTime "15:26:29 PDT"]
[Termination "AnthonyWirig won by checkmate"]

1. Nf3 h6 2. g3 g5 3. Bg2 Bg7 4. d4 d6 5. c4 c6 6. Nc3 f5 7. e4 fxe4 8. Nxe4 Bf5 9. Qe2 Nf6 10. Nxf6+ Bxf6 11. h4 g4 12. Nd2 Bxd4 13. Be4 Qa5 14. Bxf5 Qxf5 15. Ne4 Kd7 16. Bf4 e5 17. O-O-O c5 18.
Bd2 h5 19. Rhf1 Rf8 20. Bh6 Rf7 21. Ng5 Rf6 22. f3 Rxh6 23. fxg4 Qxg4 24. Rf7+ Ke8 25.
Qg2 Be3+ 26. Kb1 Qxd1# 0-1

[Event "Late-Titled-Tuesday-Blitz-March-26-2024"]
[Site "Chess.com"]
[Date "2024.03.26"]
[Round "8"]
[White "Aram7Adam"]
[Black "Xavier_mompel"]
[Result "0-1"]
[WhiteElo "2412"]
[BlackElo "2354"]
[TimeControl "180+1"]
[EndTime "15:26:31 PDT"]
[Termination "Xavier_mompel won by resignation"]

1. e4 c5 2. Nf3 d6 3. d4 cxd4 4. Nxd4 Nf6 5. Nc3 a6 6. h4 e5 7. Nb3 Be7 8. f3 h5 9. Be3 Be6 10. Qe2 Nbd7 11. O-O-O b5 12. f4 Bg4 13. Qd2 Bxd1 14. Qxd1 b4 15. Nd5 Nxd5 16. exd5 exf4 17. Bxf4 Ne5 18. Nd4 Qa5 19. Bxe5 dxe5 20. Nf5 Qxa2 21. Qf3 Qa1+ 22. Kd2 Qxb2 23. d6 Qc3+ 24. Qxc3 bxc3+ 25. Kxc3 Rc8+ 26. Kb3 Bf6 27. Bxa6 Rb8+ 28. Kc4 O-O 29. Kd5 g6 30. Ne3 Rfd8 31. Nc4 Rb4 32. Kc6 Ra8 33. Bb7 Rxc4+ 34. Kd5 Rd4+ 35. Kc6 Rd8 0-1

[Event "Late-Titled-Tuesday-Blitz-March-26-2024"]
[Site "Chess.com"]
[Date "2024.03.26"]
[Round "8"]
[White "Janh4"]
[Black "MariusBieliauskas"]
[Result "0-1"]
[WhiteElo "2164"]
[BlackElo "2336"]
[TimeControl "180+1"]
[EndTime "15:26:34 PDT"]
[Termination "MariusBieliauskas won on time"]

1. d4 d5 2. Nc3 c6 3. Bf4 g6 4. e3 Bg7 5. h4 h5 6. Nf3 Bg4 7. Qd2 Bxf3 8. gxf3 Nf6 9. Be2 Nbd7 10. O-O-O e6 11. e4 O-O 12. Bg5 Qc7 13. Rdg1 c5 14.
Nb5 Qb6 15. e5 Nh7 16. Bh6 cxd4 17. Bxg7 Kxg7 18. f4 d3 19. Qxd3 Qxf2 20. Rf1 Qb6 21. Rhg1 Nc5 22. Qh3 Ne4 23. f5 exf5 24. c3 Rac8 25. Nd4 Qxd4 0-1

[Event "Late-Titled-Tuesday-Blitz-March-26-2024"]
[Site "Chess.com"]
[Date "2024.03.26"]
[Round "8"]
[White "thesupera12"]
[Black "Shahdad2007"]
[Result "0-1"]
[WhiteElo "2423"]
[BlackElo "2617"]
[TimeControl "180+1"]
[EndTime "15:26:36 PDT"]
[Termination "Shahdad2007 won by resignation"]

1. Nf3 Nf6 2. b3 b6 3. Bb2 Bb7 4. g3 g6 5. Bg2 Bg7 6. O-O O-O 7.
c4 c5 8. d4 cxd4 9. Nxd4 Bxg2 10. Kxg2 Qc7 11. Nc3 Nc6 12. Nxc6 Qxc6+ 13. Kg1 Rfd8 14.
Rc1 Ne4 15. Qd3 Nxc3 16. Bxc3 Bxc3 17. Qxc3 Rac8 18. Rfd1 d5 19. Qe3 dxc4 20. Rxd8+ Rxd8 21. Qxe7 Rd7 22. Qe8+ Kg7 23. Qe5+ f6 24. Qc3 b5 25. bxc4 bxc4 26. h4 Rc7 27. Rc2 h5 28. Rc1 Qe4 29. Qa5 Qe5 30. Qxe5 fxe5 31. Kg2 e4 32. f3 Kf6 33.
fxe4 Ke5 34. Kf3 Kd4 35. e5 Rf7+ 36. Kg2 c3 37. e6 Re7 38. Rd1+ Kc4 39. Rd7 Rxe6 40.
Rxa7 Rxe2+ 41. Kf3 Re5 42. Rc7+ Kd3 43. g4 Re3+ 44.
Kf4 Re4+ 45. Kf3 Rxg4 46. a4 Rxa4 47. Kf2 c2 48. Rxc2 Kxc2 0-1